 Dungeon Crawl Stone Soup version 0.21-a0-529-g8c7b3f5 (webtiles) character file.

18952 kae the Carver (level 12, 0/165 HPs)
             Began as a Minotaur Fighter on Dec 9, 2017.
             Was a High Priest of Okawaru.
             Slain by an ice dragon (3 damage)
             ... in an ice cave.
             The game lasted 00:18:54 (14975 turns).

kae the Carver (Minotaur Fighter)                  Turns: 14975, Time: 00:18:55

Health: 0/165      AC: 26    Str: 24    XL:     12   Next: 32%
Magic:  15/15      EV:  2    Int:  6    God:    Okawaru [*****.]
Gold:   466        SH: 12    Dex: 11    Spells: 11/11 levels left

rFire    . . .     SeeInvis +   w - +2 falchion (holy)
rCold    + . .     Gourm    +   c - +0 shield
rNeg     + + +     Faith    .   (armour currently unavailable)
rPois    +         Spirit   .   (helmet currently unavailable)
rElec    .         Reflect  .   (cloak currently unavailable)
rCorr    .         Harm     .   (gloves currently unavailable)
MR       .....     NoTele   +   (boots currently unavailable)
Stlth    +.........             R - amulet of the gourmand
HPRegen  0.37/turn              M - ring of protection from cold
MPRegen  0.14/turn              N - ring of see invisible

@: tree-form (expiring)
A: (retaliatory headbutt)
a: Heroism, Finesse, Renounce Religion


You were in an ice cave.
You worshipped Okawaru.
Okawaru was extremely pleased with you.
You were very full.
You were a tree.
You visited 3 branches of the dungeon, and saw 13 of its levels.
You also visited: Ossuary and Ice Cave.

You collected 466 gold pieces.

Inventory:

Hand Weapons
 a - a +1 long sword
 w - a +2 falchion of holy wrath (weapon)
Armour
 b - a +0 scale mail (melded)
 c - a +0 shield (worn)
 o - a +1 pair of boots (melded)
 H - a +2 cloak of magic resistance (melded)
Jewellery
 e - an uncursed ring of fire
 r - a +4 ring of intelligence
 x - an uncursed ring of stealth
 I - an uncursed ring of protection from fire
 M - a ring of protection from cold (left branch)
 N - a ring of see invisible (right branch)
 R - an amulet of the gourmand (around neck)
 V - an uncursed amulet of faith {unknown}
 X - an uncursed ring of wizardry
Wands
 h - a wand of enslavement (14)
 y - a wand of iceblast (6)
 F - a wand of flame (24)
 L - a wand of digging (15)
 U - a wand of polymorph (10)
Scrolls
 k - 5 scrolls of teleportation
 t - 2 scrolls of enchant armour
 u - 2 scrolls of remove curse
 v - 3 scrolls of enchant weapon
 A - a scroll of magic mapping
 C - 2 scrolls of fog
Potions
 d - a potion of haste
 i - a potion of magic
 l - a potion of lignification
 m - 4 potions of agility
 n - a potion of mutation
 p - 2 potions of brilliance
 q - 9 potions of curing
 B - 2 potions of berserk rage
 D - 3 potions of ambrosia
 J - 3 potions of heal wounds {unknown}
 O - a potion of flight {unknown}
 P - 2 potions of degeneration {unknown}
 S - a potion of resistance {unknown}
Books
 s - a book of Debilitation

   Spells                             Type                      Level
   a - Corona                         Hexes                        1
   b - Slow                           Hexes                        2
   c - Inner Flame                    Hexes/Fire                   3
   d - Portal Projectile              Hexes/Translocation          3
   e - Cause Fear                     Hexes                        4
   f - Leda's Liquefaction            Hexes/Earth                  4
 K - a book of Necromancy

   Spells                             Type                      Level
   a - Pain                           Necromancy                   1
   b - Animate Skeleton               Necromancy                   1
   c - Vampiric Draining              Necromancy                   3
   d - Regeneration                   Charms/Necromancy            3
   e - Animate Dead                   Necromancy                   4
   f - Control Undead                 Necromancy                   4
 Q - a book of Misfortune

   Spells                             Type                      Level
   a - Confusing Touch                Hexes                        1
   b - Confuse                        Hexes                        3
   c - Gell's Gravitas                Translocation                3
   d - Petrify                        Transmutation/Earth          4
   e - Metabolic Englaciation         Hexes/Ice                    5
   f - Yara's Violent Unravelling     Hexes/Transmutation          5
 T - a book of Geomancy

   Spells                             Type                      Level
   a - Sandblast                      Earth                        1
   b - Passwall                       Transmutation/Earth          2
   c - Stone Arrow                    Conjuration/Earth            3
   d - Petrify                        Transmutation/Earth          4
   e - Lee's Rapid Deconstruction     Earth                        5
 W - a book of Air

   Spells                             Type                      Level
   a - Shock                          Conjuration/Air              1
   b - Swiftness                      Charms/Air                   2
   c - Static Discharge               Conjuration/Air              3
   d - Airstrike                      Air                          4
   e - Lightning Bolt                 Conjuration/Air              5
Comestibles
 f - 6 bread rations
 g - 42 fruits
 j - 5 royal jellies
 z - 4 meat rations


   Skills:
 + Level 11.0 Fighting
 * Level 14.3 Long Blades
 + Level 11.1 Armour
 + Level 11.0 Shields
 + Level 5.4 Invocations
 + Level 2.1 Evocations


You had 11 spell levels left.
You didn't know any spells.

Dungeon Overview and Level Annotations

Branches:
Dungeon (9/15)             Temple (1/1) D:4            Lair (3/6) D:9
 Shoals (0/4) Lair:2
  Snake: Lair:2-4    Spider: Lair:2-4       Orc: D:9-12

Altars:
Ashenzari
Cheibriados
Dithmenos
Elyvilon
Fedhas
Gozag
Hepliaklqana
Kikubaaqudgha
Makhleb
Nemelex Xobeh
Okawaru
Qazlal
Ru
Sif Muna
Trog
Uskayaw
Vehumet
Wu Jian
Xom
Yredelemnul
Zin
The Shining One

Shops:
D:5 }   D:6 (


Innate Abilities, Weirdness & Mutations

((You reflexively headbutt those who attack you in melee.))
((You have a pair of horns on your head.))


Message History

You hit the ice dragon.
The ice dragon is severely wounded.
You hit the ice dragon but do no damage.
The ice dragon is severely wounded.
The ice dragon bites you.
* * * LOW HITPOINT WARNING * * *
The ice dragon claws you but does no damage.
The ice dragon tramples you but does no damage.
You hit the ice dragon but do no damage.
The ice dragon is severely wounded.
You block the ice dragon's attack.
The ice dragon claws you but does no damage.
You block the ice dragon's attack.
You hit the ice dragon but do no damage.
The ice dragon is severely wounded.
You hit the ice dragon but do no damage.
The ice dragon is severely wounded.
You feel like a meek peon again. You block the ice dragon's attack.
The ice dragon claws you.
You die...

########
#..D...####
#.....#♣.....##
...D. ##.##...#
.... ###..#####
... #.##...# =.
#....#.## $
##.###..## ###
##..####
##....###
##......


You could see an ice dragon.

Vanquished Creatures
  An ice dragon (IceCv)
  A hydra (Lair:2)
  A two-headed ogre (D:9)
  Urug (Lair:2)
  Pikel (D:5)
  2 black mambas (Lair:3)
  2 ice statues (IceCv)
  A rime drake (IceCv)
  3 spiny frogs
  3 komodo dragons (Lair:1)
  3 blink frogs (Lair:2)
  2 hippogriffs
  28 yaks
  5 porcupines
  4 water moccasins
  3 orc warriors
  2 necrophages
  4 phantoms
  19 ice beasts
  A sky beast (D:8)
  3 slaves (D:5)
  3 ogres
  3 centaurs
  4 wolves (Lair:2)
  5 crocodiles
  3 big kobolds
  7 bullfrogs
  10 scorpions
  8 wights (D:8)
  8 crimson imps
  A human zombie (Ossuary)
  A centaur zombie (Ossuary)
  5 hounds
  A jelly (D:9)
  7 orc wizards
  Crazy Yiuf (D:6)
  A centaur skeleton (D:7)
  3 orc priests
  A gnoll shaman (D:5)
  3 iron imps (D:3)
  4 bullfrog skeletons
  An iguana (D:8)
  5 worker ants
  2 killer bee zombies
  2 big kobold zombies (Ossuary)
  A hound skeleton (D:9)
  2 hound zombies
  3 mummies (Ossuary)
  2 howler monkey zombies
  A howler monkey skeleton (D:4)
  A worker ant zombie (D:9)
  14 adders
  13 gnolls
  4 scorpion zombies (Ossuary)
  4 oozes
  An adder zombie (D:5)
  4 adder skeletons
  3 worms
  5 dart slugs
  6 leopard geckos
  28 orcs
  4 ball pythons
  2 giant cockroaches
  A gnoll zombie (Ossuary)
  6 hobgoblins
  9 jackals
  7 bats
  5 frilled lizards
  4 goblins
  2 hobgoblin zombies (Ossuary)
  20 kobolds
  An orc zombie (Ossuary)
  A quokka skeleton (D:7)
  7 rats
340 creatures vanquished.

Vanquished Creatures (others)
  An orc (D:5)
  An orc zombie (Ossuary)
  A fungus (Lair:1)
  2 plants
5 creatures vanquished.

Grand Total: 345 creatures vanquished

Notes
Turn   | Place    | Note
-------+----------+-------------------------------------------
     0 | D:1      | kae the Minotaur Fighter began the quest for the Orb.
     0 | D:1      | Reached XP level 1. HP: 19/19 MP: 0/0
   179 | D:1      | Reached XP level 2. HP: 27/27 MP: 1/1
   241 | D:1      | Reached skill level 3 in Long Blades
   437 | D:1      | Reached XP level 3. HP: 30/33 MP: 2/2
   984 | D:2      | Reached XP level 4. HP: 25/40 MP: 3/3
   993 | D:2      | Reached skill level 4 in Long Blades
  1370 | D:2      | Noticed an ogre
  1377 | D:2      | HP: 1/40 [ogre/giant club (5)]
  1378 | D:2      | Killed an ogre
  1378 | D:2      | Reached XP level 5. HP: 1/47 MP: 4/4
  1745 | D:2      | Found a deep blue altar of Sif Muna.
  2070 | D:2      | Found a basalt altar of Yredelemnul.
  2160 | D:2      | Reached skill level 5 in Long Blades
  2521 | D:3      | Found a shadowy altar of Dithmenos.
  2879 | D:3      | Reached XP level 6. HP: 53/53 MP: 5/5
  3161 | D:3      | Found a burning altar of Makhleb.
  3177 | D:3      | Reached skill level 5 in Shields
  3193 | D:3      | Reached skill level 5 in Fighting
  3193 | D:3      | Reached skill level 5 in Armour
  3508 | D:4      | Noticed an orc warrior
  3643 | D:4      | Killed an orc warrior
  3643 | D:4      | Reached skill level 6 in Long Blades
  3662 | D:4      | Reached XP level 7. HP: 53/61 MP: 6/6
  3917 | D:4      | Found a staircase to the Ecumenical Temple.
  3938 | Temple   | Entered the Ecumenical Temple
  4004 | Temple   | Became a worshipper of Warmaster Okawaru
  4139 | D:5      | Entered Level 5 of the Dungeon
  4156 | D:5      | Found Mot Far's Gadget Shop.
  4271 | D:5      | Found a sand-covered staircase.
  4275 | Ossuary  | Entered an ossuary
  4441 | Ossuary  | Reached skill level 7 in Long Blades
  4612 | Ossuary  | Reached * piety under Okawaru
  4760 | Ossuary  | Reached XP level 8. HP: 63/70 MP: 7/7
  4998 | D:5      | Reached skill level 8 in Long Blades
  5036 | D:5      | Reached ** piety under Okawaru
  5384 | D:5      | Noticed Pikel
  5447 | D:5      | Killed Pikel
  5447 | D:5      | Reached skill level 9 in Long Blades
  5447 | D:5      | Reached XP level 9. HP: 43/79 MP: 8/8
  6251 | D:6      | Reached *** piety under Okawaru
  6360 | D:6      | Found a shattered altar of Ashenzari.
  6390 | D:6      | Found a sparkling altar of Nemelex Xobeh.
  6637 | D:6      | Reached skill level 10 in Long Blades
  6643 | D:6      | Got a pair of pitted boots
  6654 | D:6      | Identified the +2 pair of boots "Fotopees" {rF+ rCorr Str-2} (You found it on level 6 of the Dungeon)
  6739 | D:6      | Found Piny's Antique Weapon Boutique.
  6867 | D:6      | Found a white marble altar of Elyvilon.
  7039 | D:6      | Found a runed door.
  7432 | D:6      | Noticed Crazy Yiuf
  7437 | D:6      | Killed Crazy Yiuf
  7958 | D:7      | Reached **** piety under Okawaru
  7962 | D:7      | Reached skill level 11 in Long Blades
  8163 | D:8      | Received a gift from Okawaru
  8177 | D:8      | Reached XP level 10. HP: 79/90 MP: 9/9
  8999 | D:8      | Reached skill level 1 in Invocations
  9329 | D:9      | Noticed a two-headed ogre
  9338 | D:9      | Killed a two-headed ogre
  9361 | D:9      | Reached skill level 12 in Long Blades
  9365 | D:9      | Found a stormy altar of Qazlal.
  9556 | D:9      | Found an opulent altar of Gozag.
  9653 | D:9      | Reached ***** piety under Okawaru
  9897 | D:9      | Found a staircase to the Lair.
  9906 | Lair:1   | Entered Level 1 of the Lair of Beasts
 10175 | Lair:1   | Reached XP level 11. HP: 49/97 MP: 10/12
 11099 | Lair:1   | Reached skill level 10 in Armour
 11099 | Lair:1   | Reached skill level 10 in Shields
 11461 | Lair:2   | Found a staircase to the Shoals.
 11463 | Lair:2   | Noticed Urug
 11464 | Lair:2   | Noticed a five-headed hydra
 11554 | Lair:2   | Received a gift from Okawaru
 11554 | Lair:2   | Reached skill level 10 in Fighting
 11554 | Lair:2   | Reached skill level 13 in Long Blades
 11797 | Lair:2   | Killed Urug
 13044 | Lair:2   | Killed a five-headed hydra
 13245 | Lair:3   | Reached XP level 12. HP: 94/108 MP: 11/14
 13252 | Lair:3   | Received a gift from Okawaru
 13252 | Lair:3   | Reached skill level 5 in Invocations
 13255 | Lair:3   | Reached skill level 14 in Long Blades
 13261 | Lair:3   | Noticed a six-headed hydra
 13263 | Lair:3   | Reached skill level 1 in Evocations
 13702 | Lair:3   | Found a frozen archway.
 13763 | IceCv    | Entered an ice cave
 13789 | IceCv    | HP: 4/108 [ice beast (8)]
 14920 | IceCv    | Noticed an ice dragon
 14921 | IceCv    | Noticed an ice dragon
 14943 | IceCv    | Killed an ice dragon
 14970 | IceCv    | HP: 5/165 [ice dragon/blast of cold (17)]
 14975 | IceCv    | Slain by an ice dragon

Vault maps used:
D:1:      dpeg_arrival_leaves_temple_mockup
D:2:      lemuel_round_altar, led_sif_pool, first_bread
D:3:      nicolae_dithmenos_shadow_blocks, demons_altar, chequers_big_river,
          minmay_misc_feat_four_crosses
D:4:      minmay_temple_entry_hall
D:5:      nicolae_ossuary_entry_false_entrances, serial_shops, shop, uniq_pikel
D:6:      kennysheep_spiral_hall, ashenzari_conservatory_becter,
          elyvilon_altar_4, serial_shops, kennysheep_little_box,
          serial_bayou_pond_e, nemelex_xobeh_ov_fountains_minmay,
          uniq_crazy_yiuf_cottage
D:8:      blue_anna_alchemist
D:9:      nicolae_overflow_crystal_walls, marbit_many_paths, lair_entry_dummy
Temple:   nicolae_temple_great_sept
Lair:1:   nicolae_quartered_pool_little
Lair:2:   shoals_dummy_entry, uniq_urug
Lair:3:   minmay_snake_entry_guardpost_small, portal_ice_cave_entry_pillars_1,
          basic_altar, lemuel_fruit_fields, grunt_megastairs_3,
          lemuel_fruit_tree
Ossuary:  ossuary_minmay_scorpions
IceCv:    ice_cave_small_dragons

Skill      XL: |  1  2  3  4  5  6  7  8  9 10 11 12 |
---------------+-------------------------------------+-----
Long Blades    | 3 4 5 6 7 9 11 12 13 14 | 14.3
Fighting       | 4 5 6 7 8 9 10 11 | 11.0
Shields        | 4 5 6 7 8 9 10 11 | 11.0
Armour         | 4 5 6 7 8 9 10 11 | 11.1
Invocations    | 2 4 5 |  5.4
Evocations     | 2 |  2.1

Action                   |  1- 3 |  4- 6 |  7- 9 | 10-12 || total
-------------------------+-------+-------+-------+-------++-------
Melee: Long sword        |    90 |   133 |    12 |       ||   235
       Headbutt          |    11 |    15 |    86 |   188 ||   300
       Falchion          |       |       |   370 |   783 ||  1153
Invok: Heroism           |       |       |     6 |    30 ||    36
Evoke: Wand              |       |       |       |     8 ||     8
  Use: Scroll            |       |     8 |    14 |     3 ||    25
       Potion            |       |       |     2 |     1 ||     3
  Eat: Chunk             |       |     9 |    10 |    43 ||    62
       Bread ration      |       |       |     1 |       ||     1
Armor: Scale mail        |    54 |    37 |   112 |   141 ||   344
       Skin              |       |       |       |    29 ||    29
Dodge: Dodged            |    32 |    40 |   105 |   159 ||   336
Block: Shield            |    55 |    45 |   209 |   332 ||   641
       Rpst.: Long sword |    10 |    12 |       |       ||    22
       Falchion          |       |       |    32 |    51 ||    83

Table legend:
 A = Spawn XP
 B = Non-spawn XP
 C = Spawn XP percentage of total XP
 D = Spawn monster count
 E = Non-spawn monster count
 F = Spawn count percentage of total count
 G = Total turns spent on level
                    A         B        C        D         E        F      G
               +---------+---------+-------+---------+---------+-------+---------
         Total |       0 |   27075 |   0.0 |       0 |     337 |   0.0 | 14975
               +---------+---------+-------+---------+---------+-------+---------
           D:1 |       0 |      85 |   0.0 |       0 |      27 |   0.0 |   967
           D:2 |       0 |     224 |   0.0 |       0 |      20 |   0.0 |  1308
           D:3 |       0 |     221 |   0.0 |       0 |      32 |   0.0 |  1281
           D:4 |       0 |     292 |   0.0 |       0 |      13 |   0.0 |   504
           D:5 |       0 |    1880 |   0.0 |       0 |      27 |   0.0 |  1305
           D:6 |       0 |     544 |   0.0 |       0 |      21 |   0.0 |  1345
           D:7 |       0 |    1400 |   0.0 |       0 |      41 |   0.0 |   660
           D:8 |       0 |    1885 |   0.0 |       0 |      33 |   0.0 |   953
           D:9 |       0 |    2739 |   0.0 |       0 |      25 |   0.0 |   798
        Lair:1 |       0 |    3933 |   0.0 |       0 |      19 |   0.0 |  1575
        Lair:2 |       0 |    6558 |   0.0 |       0 |      28 |   0.0 |  2065
        Lair:3 |       0 |    2652 |   0.0 |       0 |      11 |   0.0 |   217
       Ossuary |       0 |     728 |   0.0 |       0 |      22 |   0.0 |   706
         IceCv |       0 |    3934 |   0.0 |       0 |      18 |   0.0 |  1212
               +---------+---------+-------+---------+---------+-------+---------
